 Dungeon Crawl Stone Soup version 0.21.0-3-g78d12a8 (webtiles) character file.

1318 MovingMist the Skirmisher (level 8, -6/71 HPs)
             Began as a Hill Orc Fighter on Jan 14, 2018.
             Was a Believer of Beogh.
             Mangled by komo4ek's ghost (10 damage)
             ... on level 6 of the Dungeon.
             The game lasted 00:14:54 (5388 turns).

MovingMist the Skirmisher (Hill Orc Fighter)        Turns: 5388, Time: 00:14:55

Health: -6/71      AC:  8    Str: 21    XL:     8   Next: 59%
Magic:  8/8        EV: 17    Int:  8    God:    Beogh [**....]
Gold:   260        SH:  0    Dex: 16    Spells: 7/7 levels left

rFire    . . .     SeeInvis +   a - +1 long sword
rCold    + + +     Gourm    .   (no shield)
rNeg     . . .     Faith    .   y - +1 ring mail "Son Waub" {rC+++ Str-3 Dex+4 SInv}
rPois    .         Spirit   .   (no helmet)
rElec    .         Reflect  .   s - +0 cloak
rCorr    .         Harm     .   (no gloves)
MR       +....                  (no boots)
Stlth    +.........             (no amulet)
HPRegen  0.21/turn              q - ring of protection from magic
MPRegen  0.11/turn              b - +3 ring of evasion

@: mighty
A: no striking features
a: Smiting, Renounce Religion


You were on level 6 of the Dungeon.
You worshipped Beogh.
Beogh was pleased with you.
You were not hungry.

You visited 1 branch of the dungeon, and saw 6 of its levels.
You also visited: Sewer.

You collected 260 gold pieces.

Inventory:

Hand Weapons
 a - a +1 long sword (weapon)
Missiles
 v - 5 poisoned javelins (quivered)
Armour
 s - a +0 cloak (worn)
 y - the +1 ring mail "Son Waub" (worn) {rC+++ Str-3 Dex+4 SInv}
   (You found it in a sewer)

   It affects your strength (-3).
   It affects your dexterity (+4).
   It renders you almost immune to cold.
   It lets you see invisible.
Jewellery
 b - a +3 ring of evasion (right hand)
 q - a ring of protection from magic (left hand)
 r - an uncursed ring of resist corrosion
Wands
 z - a wand of acid (8)
Scrolls
 c - 3 scrolls of identify
 e - a scroll of magic mapping {unknown}
 h - 2 scrolls of enchant armour {unknown}
 i - 5 scrolls of enchant weapon
 m - 10 scrolls of teleportation
 o - 3 scrolls of blinking {unknown}
 p - a scroll of fog
 t - a scroll of fear
 u - a scroll of noise
 x - a scroll of remove curse {unknown}
 A - a scroll of amnesia {unknown}
Potions
 d - a potion of might
 g - a potion of magic {unknown}
 j - a potion of curing {unknown}
 k - a potion of resistance {unknown}
 l - 3 potions of cancellation {unknown}
 n - a potion of flight {unknown}
 w - a potion of degeneration {unknown}
Comestibles
 f - 13 rations


   Skills:
 + Level 6.6 Fighting
 + Level 5.4 Long Blades
 + Level 5.8 Armour
 * Level 5.2 Dodging
   Level 3.2 Shields


You had 7 spell levels left.
You didn't know any spells.

Dungeon Overview and Level Annotations

Branches:
Dungeon (6/15)
 Temple: D:4-7

Altars:

Annotations:
D:6 komo4ek's ghost, novice HuHu


Message History

Komo4ek's ghost hits you!
* * * LOW HITPOINT WARNING * * *
You barely miss komo4ek's ghost.
Komo4ek's ghost is moderately damaged.
Komo4ek's ghost hits you!
* * * LOW HITPOINT WARNING * * *
Okay, then.
You feel very mighty all of a sudden. Komo4ek's ghost closely misses you.
You slice komo4ek's ghost!!
Komo4ek's ghost is heavily damaged.
Komo4ek's ghost hits you.
* * * LOW HITPOINT WARNING * * *
You slash komo4ek's ghost!
Komo4ek's ghost is severely damaged.
Komo4ek's ghost hits you but does no damage.
You slash komo4ek's ghost!
Komo4ek's ghost is almost destroyed.
Komo4ek's ghost hits you!
You die...

.#.# ..=#
#..# # #..#
.# ..##(#
#....
#.W#####.#
#@........
#...####.#
#.#.# #.#
#.#.## #..
#.#..###.#
#.#....#.#
..#....#.###
###.#......#
#.#.#..#.#


You could see komo4ek's ghost.

Vanquished Creatures
  The ghost of Thaneod the Magician, an amateur DEFE (D:4)
  A sky beast (D:5)
  Duvessa (D:4)
  An ice beast (D:5)
  An ogre (D:6)
  2 bullfrogs (Sewer)
  Dowan (D:4)
  A scorpion (D:4)
  A bullfrog zombie (D:5)
  3 hounds (D:5)
  A jelly (D:5)
  2 orc wizards (D:4)
  3 worker ants
  A hound zombie (D:6)
  A hound skeleton (D:5)
  12 adders
  3 gnolls (D:5)
  6 oozes
  A worm (D:3)
  A dart slug (D:2)
  15 leopard geckos
  5 orcs
  14 giant cockroaches
  8 goblins
  10 hobgoblins
  8 jackals
  4 kobolds
  3 quokkas
  14 ball pythons
  A ball python skeleton (D:5)
  7 bats
  12 frilled lizards
  A leopard gecko zombie (D:5)
  A quokka skeleton (D:5)
  6 rats
153 creatures vanquished.

Vanquished Creatures (others)
  An orc wizard (D:4)
1 creature vanquished.

Grand Total: 154 creatures vanquished

Notes
Turn   | Place    | Note
-------+----------+-------------------------------------------
     0 | D:1      | MovingMist the Hill Orc Fighter began the quest for the Orb.
     0 | D:1      | Reached XP level 1. HP: 19/19 MP: 1/1
   169 | D:1      | Reached XP level 2. HP: 22/27 MP: 2/2
   318 | D:1      | Reached skill level 1 in Dodging
   424 | D:1      | Reached XP level 3. HP: 12/33 MP: 3/3
   435 | D:1      | Reached skill level 4 in Fighting
  1086 | D:2      | Reached XP level 4. HP: 24/40 MP: 0/4
  2320 | D:4      | Reached XP level 5. HP: 47/47 MP: 5/5
  2447 | D:4      | Became a worshipper of Beogh the Brigand
  2823 | D:4      | Noticed Dowan
  2824 | D:4      | Noticed Duvessa
  2848 | D:4      | Killed Duvessa
  2848 | D:4      | Reached XP level 6. HP: 31/55 MP: 6/6
  2865 | D:4      | Killed Dowan
  2881 | D:4      | Noticed Thaneod's ghost (amateur DEFE)
  3172 | D:4      | Reached skill level 5 in Fighting
  3193 | D:4      | Killed Thaneod's ghost
  3193 | D:4      | Reached XP level 7. HP: 28/61 MP: 7/7
  3658 | D:5      | Entered Level 5 of the Dungeon
  3781 | D:5      | Reached skill level 5 in Armour
  4120 | D:5      | Reached XP level 8. HP: 64/70 MP: 8/8
  4155 | D:5      | Found a glowing drain.
  4166 | Sewer    | Entered a sewer
  4212 | Sewer    | Reached * piety under Beogh
  4233 | Sewer    | Reached skill level 6 in Fighting
  4470 | Sewer    | Reached ** piety under Beogh
  4471 | Sewer    | Reached skill level 5 in Long Blades
  4718 | Sewer    | Got a transparent ring mail
  4730 | Sewer    | Identified the +1 ring mail "Son Waub" {rC+++ Str-3 Dex+4 SInv} (You found it in a sewer)
  5215 | D:5      | Reached skill level 5 in Dodging
  5362 | D:6      | Noticed komo4ek's ghost (novice HuHu)
  5388 | D:6      | Mangled by komo4ek's ghost

Skill      XL: |  1  2  3  4  5  6  7  8 |
---------------+-------------------------+-----
Dodging        | 1 2 3 4 5 |  5.2
Fighting       | 4 5 6 |  6.6
Long Blades    | 3 4 5 |  5.4
Armour         | 4 5 |  5.8
Shields        | |  3.2

Action                   |  1- 3 |  4- 6 |  7- 9 || total
-------------------------+-------+-------+-------++-------
Melee: Long sword        |   132 |   180 |   271 ||   583
Throw: Javelin           |       |       |     3 ||     3
Invok: Convert to Beogh  |       |     1 |       ||     1
  Use: Scroll            |       |       |     7 ||     7
       Potion            |       |       |     1 ||     1
  Eat: Chunk             |     1 |     7 |     8 ||    16
Armor: Scale mail        |    72 |    37 |       ||   109
       Chain mail        |       |    69 |   177 ||   246
       Ring mail         |       |       |    12 ||    12
Dodge: Dodged            |    51 |    51 |   276 ||   378
Block: Shield            |    75 |   109 |    19 ||   203
       Rpst.: Long sword |    12 |    22 |    70 ||   104
